Map: Ephemeron LE

Players

soO

  • Race: Zerg Zerg
  • Spawn Location: 11:00

Zest - Winner!

  • Race: Protoss Protoss
  • Spawn Location: 5:00

Event: IEM Katowice 2020

VOD

Have the link to the VOD?

Description

Time

  • Played on: Feb. 27, 2020, 11:09 a.m.
  • Length: 7:17

All games in this series

Show
View Real Time Build Order
Export as new Build Order

soO Zerg 

Build Orders: Pool First 

Get SALT Encoding   

  12  0:00  Drone  
  13  0:12  Overlord  
  13  0:16  Drone  
  14  0:30  Drone x2  
  16  0:39  Drone  
  16  0:40  Extractor  
  16  0:46  Spawning Pool  
  16  0:50  Drone  
  16  1:02  Drone  
  17  1:22  Drone  
  18  1:33  Zergling x4, Queen  
  22  1:42  Metabolic Boost  
  22  1:53  Overlord  
  22  2:03  Hatchery  
  22  2:06  Drone  
  22  2:11  Queen  
  22  2:15  Drone  
  25  2:18  Drone  
  25  2:21  Drone  
  27  2:32  Drone  
  28  2:47  Hatchery, Drone  
  28  2:49  Drone  
  29  2:54  Drone  
  30  3:01  Overlord  
  30  3:18  Drone x3  
  33  3:20  Queen  
  33  3:21  Drone  
  33  3:23  Drone  
  33  3:24  Drone  
  38  3:27  Drone  
  38  3:31  Drone  
  40  3:35  Drone  
  40  3:40  Drone  
  42  3:49  Drone  
  42  3:50  Drone  
  42  3:52  Overlord x2  
  44  3:59  Queen  
  44  4:00  Drone  
  44  4:02  Drone x3  
  50  4:04  Overlord  
  50  4:09  Roach Warren  
  49  4:10  Zergling x2  
  49  4:11  Zergling x2  
  49  4:14  Drone  
  52  4:19  Extractor x2  
  52  4:20  Drone  
  52  4:21  Drone  
  52  4:27  Drone  
  52  4:28  Drone x2  
  55  4:32  Overlord  
  55  4:33  Drone  
  55  4:34  Drone x3  
  55  4:35  Zergling x4  
  61  4:43  Lair, Overlord  
  61  4:45  Overlord  
  61  4:49  Drone  
  61  4:51  Queen  
  64  4:54  Zergling x2  
  64  4:57  Drone x2  
  67  5:01  Zergling x2  
  67  5:02  Zergling x2  
  68  5:12  Zergling x6  
  69  5:16  Zergling x2  
  69  5:17  Zergling x12  
  69  5:21  Drone x3  
  79  5:24  Extractor  
  79  5:25  Extractor  
  77  5:35  Roach x6  
  89  5:46  Roach  
  89  5:47  Roach  
  85  5:51  Roach x2  
  85  5:52  Overlord  
  85  5:53  Overlord  
  85  5:54  Overlord  
  85  5:56  Ravager  
  89  6:00  Ravager x2  
  89  6:01  Roach  
  89  6:02  Ravager  
  90  6:11  Roach  
  86  6:13  Roach x2  
  86  6:14  Zergling x10, Roach  
  81  6:19  Roach  
  81  6:21  Zergling x2  
  81  6:24  Zergling x2  
  75  6:30  Roach  
  75  6:32  Roach  
  73  6:35  Roach  
  73  6:37  Ravager x3  
  73  6:39  Queen  
  77  6:41  Zergling x2  
  77  6:44  Roach  
  77  6:46  Ravager  
  77  6:47  Roach  
  82  6:51  Roach  
  82  6:53  Roach  
  74  6:56  Zergling x2  
Show
View Real Time Build Order
Export as new Build Order

Zest Protoss - Winner!

Build Orders: 1 Gate Expand 

Get SALT Encoding   

  12  0:00  Probe  
  13  0:13  Pylon  
  13  0:18  Probe (Chrono Boost)  
  14  0:27  Probe (Chrono Boost)  
  15  0:32  Probe (Chrono Boost)  
  16  0:41  Gateway  
  16  0:44  Probe  
  16  0:49  Assimilator  
  17  0:56  Probe  
  18  1:01  Pylon  
  18  1:08  Probe  
  19  1:20  Probe  
  20  1:28  Pylon  
  20  1:29  Cybernetics Core  
  20  1:41  Nexus  
  21  1:50  Pylon  
  21  1:53  Pylon  
  20  1:54  Probe  
  21  2:05  Assimilator  
  21  2:07  Probe  
  22  2:08  Adept (Chrono Boost)  
  24  2:19  Probe  
  24  2:20  Robotics Facility  
  24  2:31  Probe, Adept  
  27  2:37  Warp Gate  
  27  2:43  Probe  
  28  2:54  Probe  
  28  2:55  Probe, Gateway  
  30  3:01  Sentry  
  32  3:05  Warp Prism  
  32  3:08  Probe (Chrono Boost)  
  32  3:09  Probe (Chrono Boost)  
  36  3:23  Probe x2 (Chrono Boost)  
  38  3:32  Probe x2 (Chrono Boost)  
  38  3:33  Pylon  
  40  3:36  Probe (Chrono Boost)  
  41  3:45  Immortal (Chrono Boost)  
  45  3:49  Probe  
  45  3:52  Probe  
  47  4:01  Probe  
  48  4:02  Pylon  
  48  4:05  Assimilator  
  48  4:07  Probe  
  49  4:12  Gateway  
  49  4:13  Probe  
  50  4:19  Probe, Immortal (Chrono Boost)  
  55  4:26  Probe, Stalker  
  58  4:32  Sentry  
  58  4:35  Gateway  
  60  4:43  Gateway  
  60  4:44  Probe  
  60  4:45  Gateway  
  61  4:47  Observer  
  61  4:48  Pylon  
  61  4:51  Pylon  
  62  5:02  Gateway  
  62  5:06  Gateway  
  62  5:16  Sentry x3  
  62  5:19  Pylon  
  68  5:26  Pylon  
  68  5:27  Pylon  
  68  5:30  Zealot  
  70  5:40  Sentry  
  70  5:41  Sentry, Stalker x2  
  70  5:42  Zealot  
  78  5:56  Pylon  
  78  6:00  Stalker x2  
  78  6:01  Stalker  
  78  6:05  Zealot x2  
  74  6:20  Stalker x3  
  74  6:24  Zealot x3  
  66  6:40  Stalker x2  
  66  6:42  Zealot, Stalker  
  62  7:03  Zealot x2, Stalker x4  
  62  7:04  Zealot x2  
  62  7:07  Stalker x5  
  62  7:08  Zealot x3  

Tags
 
Add a new tag
Caveats
  • Supply blocks, unpowered buildings, or Contaminate may cause inaccurate times.
  • Supply counts are checked every 10 seconds.